 Dungeon Crawl Stone Soup version 0.27-a0-1154-gfdeffcb720 (webtiles) character file.

Game seed: 8224150369555730659

583 mhtbhm the Magician (level 7, 0/36 HPs)
             Began as a Deep Elf Earth Elementalist on May 14, 2021.
             Killed by divine providence
             ... invoked by an orc priest
              (11 damage)
             ... on level 5 of the Dungeon.
             The game lasted 00:09:52 (5713 turns).

mhtbhm the Magician (Deep Elf Earth Elementalist)   Turns: 5713, Time: 00:09:53

Health: 0/36       AC:  3    Str:  5    XL:     7   Next: 14%
Magic:  19/27      EV: 13    Int: 22    God:
Gold:   118        SH:  0    Dex: 21    Spells: 4/19 levels left

rFire    . . .     SeeInvis .   (no weapon)
rCold    . . .     Faith    .   (no shield)
rNeg     . . .     Spirit   .   c - +0 robe
rPois    .         Reflect  .   (no helmet)
rElec    .         Harm     .   (no cloak)
rCorr    .         Rampage  .   (no gloves)
Will     .....                  o - +0 pair of boots
Stlth    +++.......             (no amulet)
HPRegen  0.12/turn              a - +6 ring of dexterity
MPRegen  0.20/turn              e - ring of magical power

@: no status effects
A: no striking features
a: no special abilities


You were on level 5 of the Dungeon.
You visited 2 branches of the dungeon, and saw 6 of its levels.

You collected 118 gold pieces.

Inventory:

Hand Weapons
 r - the +5 long sword "Uraham" {elec, *Slow rCorr Str+2}
   (You found it on level 4 of the Dungeon)

   Occasionally, upon striking a foe, it can discharge electrical energy and
   cause terrible harm.
   It affects your strength (+2).
   It protects you from acid and corrosion.
   It may slow you when you take damage.
Missiles
 b - 94 stones
 h - 18 poisoned darts (quivered)
Armour
 c - a +0 robe (worn)
 o - a +0 pair of boots (worn)
Jewellery
 a - a +6 ring of dexterity (left hand)
 e - a ring of magical power (right hand)
Wands
 f - a wand of acid (7)
Scrolls
 d - a scroll of immolation {unknown}
 k - a scroll of identify {unknown}
 l - 2 scrolls of magic mapping {unknown}
 p - 2 scrolls of fear {unknown}
 q - a scroll of teleportation {unknown}
 s - a scroll of blinking {unknown}
Potions
 g - a potion of heal wounds {unknown}
 i - a potion of curing {unknown}
 j - a potion of degeneration {unknown}
 m - a potion of resistance {unknown}
 n - a potion of flight {unknown}


   Skills:
 + Level 1.4 Throwing
 + Level 2.8 Dodging
 + Level 3.4 Stealth
 + Level 6.6 Spellcasting
 + Level 2.7 Conjurations
 + Level 1.1 Transmutations
 + Level 6.0 Earth Magic


You had 4 spell levels left.
You knew the following spells:

 Your Spells              Type           Power      Damage    Failure   Level
a - Sandblast             Erth           66%        2d15      1%          1
b - Passwall              Tmut/Erth      19%        N/A       3%          2
c - Stone Arrow           Conj/Erth      52%        3d10      4%          3
d - Lee's Rapid Deconstr  Erth           16%        3d11*     21%         5
e - Petrify               Tmut/Erth      23%        N/A       21%         4

Your spell library contained the following spells:

 Spells                   Type           Power      Damage    Failure   Level


Dungeon Overview and Level Annotations

Branches:
Dungeon (5/15)             Temple (1/1) D:4

Altars:
Ashenzari
Cheibriados
Elyvilon
Hepliaklqana
Kikubaaqudgha
Makhleb
Nemelex Xobeh
Qazlal
Sif Muna
Trog
Xom

Shops:
D:3 *![(!   D:5 (


Message History

Press: ? - help, Shift-Dir - straight line, f - dart slug
Aim: a dart slug (asleep, 100% to hit)
The stone arrow hits the dart slug!
You kill the dart slug!
Found a stone staircase leading down.
There is an open door here.
An orc comes into view. It is wielding a +0 flail.
An orc is nearby!
An orc is nearby!
An orc priest comes into view. It is wielding a +0 hand axe.
The orc priest shouts!
The orc shouts!
An orc comes into view. It is wielding a +0 short sword.
The orc barely misses you.
The orc shouts!
Casting: Stone Arrow (dangerous; 4% risk of failure)
Confirm with . or Enter, or press ? or * to list all spells.
Aiming: Stone Arrow (dangerous; 4% risk of failure)
Press: ? - help, Shift-Dir - straight line, f - orc
Aim: an orc, wielding a +0 flail and quivering stones (71% to hit)
The stone arrow hits the orc!
You kill the orc!
The orc priest invokes the aid of Beogh against you.
Beogh smites you!
Unknown command.
Casting: Stone Arrow (dangerous; 4% risk of failure)
Confirm with . or Enter, or press ? or * to list all spells.
The spell is extremely dangerous to cast (21% risk of failure)!
Continue anyway?
Aiming: Lee's Rapid Deconstruction (extremely dangerous; 21% risk of failure)
Press: ? - help, Dir - move target A rock wall.
The wall shatters!
The blast of rock fragments hits the orc priest!
The orc priest is heavily wounded.
The orc barely misses you.
The orc priest calls down the wrath of Beogh upon you.
Beogh smites you!
Unknown command.
The orc priest invokes the aid of Beogh against you.
Beogh smites you!
You die...

.........# #.#
####.....# #..
#........# ###
#.#......#########
#.#......'.#......
#.##.....#.#......
#.##.....#.#......
#.##.....#.###....
#@########.##.....
#.# #.##..... #o#
#.##..... .o.
#.##..... .#.##
#.###'### ..#.#
#.###.# #. #.#
#.#...# #. #.#
#.#.##### # #..
#.#......


You could see an orc priest and an orc.

Vanquished Creatures
  A sky beast (D:3)
  An ogre (D:5)
  A necrophage (D:5)
  A howler monkey (D:4)
  A bullfrog zombie (D:4)
  A centaur skeleton (D:5)
  Natasha (D:2)
  Terence (D:2)
  A killer bee zombie (D:4)
  3 gnolls (D:3)
  4 adders
  An adder zombie (D:5)
  A worm (D:2)
  2 dart slugs
  5 orcs
  7 bats
  8 endoplasms
  3 giant cockroaches
  5 goblins
  5 hobgoblins
  3 jackals (D:1)
  4 quokkas
  A ball python (D:1)
  3 frilled lizards
  7 kobolds
  25 rats
96 creatures vanquished.

Vanquished Creatures (others)
  A plant (D:5)
1 creature vanquished.

Grand Total: 97 creatures vanquished

Notes
Turn   | Place    | Note
-------+----------+-------------------------------------------
     0 | D:1      | mhtbhm the Deep Elf Earth Elementalist began the quest for
                  | the Orb.
     0 | D:1      | Reached XP level 1. HP: 10/10 MP: 6/6
   246 | D:1      | Reached XP level 2. HP: 15/15 MP: 5/8
   303 | D:1      | Learned a level 2 spell: Passwall
   546 | D:1      | Reached XP level 3. HP: 19/19 MP: 3/10
   601 | D:1      | Learned a level 3 spell: Stone Arrow
  1378 | D:2      | Found a faded altar of an unknown god.
  1469 | D:2      | Noticed Terence
  1474 | D:2      | Killed Terence
  1475 | D:2      | Reached XP level 4. HP: 24/24 MP: 12/12
  1874 | D:2      | Noticed Natasha
  1878 | D:2      | Killed Natasha
  2081 | D:3      | Found Mijakom's Distillery.
  2082 | D:3      | Found Uxoggoub's Armour Shop.
  2107 | D:3      | Reached skill level 1 in Throwing
  2125 | D:3      | Reached XP level 5. HP: 28/28 MP: 8/13
  2129 | D:3      | Reached skill level 1 in Conjurations
  2381 | D:3      | Found Upuanleudd's Weapon Shop.
  2585 | D:3      | Found Jojur's Distillery.
  2915 | D:3      | Reached skill level 5 in Earth Magic
  3026 | D:3      | Learned a level 5 spell: Lee's Rapid Deconstruction
  3026 | D:3      | Found Kojir's General Store.
  3353 | D:3      | Noticed a sky beast
  3365 | D:3      | Killed a sky beast
  3366 | D:3      | Reached skill level 5 in Spellcasting
  3366 | D:3      | Reached XP level 6. HP: 32/32 MP: 10/15
  3545 | D:3      | Learned a level 4 spell: Petrify
  3999 | D:4      | Found a staircase to the Ecumenical Temple.
  4102 | Temple   | Entered the Ecumenical Temple
  4598 | D:4      | Found a shimmering altar of Xom.
  4599 | D:4      | Found a hazy altar of Hepliaklqana.
  4600 | D:4      | Noticed a spectral ugly thing
  4827 | D:4      | Identified the +5 long sword "Uraham" {elec, *Slow rCorr
                  | Str+2}
  4982 | D:5      | Entered Level 5 of the Dungeon
  5061 | D:5      | Found Net Etuw's Hydra Hut.
  5068 | D:5      | Noticed a seven-headed hydra
  5533 | D:5      | Reached XP level 7. HP: 36/36 MP: 18/18
  5713 | D:5      | Killed from afar by an orc priest

Illustrated notes

Levels and vault maps discovered:
D:1:      dpeg_arrival_chambers_temple_mockup, layout_rooms
D:2:      layout_basic, hellmonk_ecumenical_altar_heavens_door, minmay_rat_hole,
          uniq_natasha, uniq_terence
D:3:      layout_loops_cross, serial_shops, nicolae_shop_window_shopping, shop,
          shop, shop, shop, hangedman_glass_teeth, minmay_misc_feat_encased,
          minmay_misc_feat_five, minivault_25, kennysheep_minor_cross
D:4:      layout_gridville, regret_index_temple_of_mockery,
          minmay_temple_entry_stoned_glass, kennysheep_nondescript
D:5:      layout_basic, doesnt_shop_hydraphobe
Temple:   jpeg_temple_island

Skill      XL: |  1  2  3  4  5  6 |
---------------+-------------------+-----
Earth Magic    | 4 5 6 |  6.0
Spellcasting   | 4 5 6 |  6.6
Throwing       | 1 |  1.4
Conjurations   | 1 2 |  2.7
Stealth        | 3 |  3.4
Dodging        | |  2.8
Transmutations | |  1.1

Action                   |  1- 3 |  4- 6 |  7- 9 || total
-------------------------+-------+-------+-------++-------
Melee: Unarmed           |     1 |     2 |       ||     3
Throw: Dart              |       |    35 |       ||    35
 Cast: Sandblast         |    37 |    27 |       ||    64
       Stone Arrow       |    12 |    36 |     3 ||    51
       Lee's Rapid Decon |       |     1 |     1 ||     2
Armor: Robe              |     8 |     2 |       ||    10
Dodge: Dodged            |    18 |    23 |     2 ||    43

Table legend: (Time is in decaauts)
 A = Elapsed time spent in this place.
 B = Non-inter-level travel time spent in this place.
 C = Inter-level travel time spent in this place.
 D = Time resting spent in this place.
 E = Time spent auto-exploring this place.
 F = Levels seen in this place.
 G = Mean time per level.
                   A        B        C        D        E       F      G
               +--------+--------+--------+--------+--------+-----+--------+
         Total |   5760 |   5721 |     39 |   2153 |   2712 |   6 |  960.0 |
       Dungeon |   5450 |   5411 |     39 |   2153 |   2444 |   5 | 1090.0 |
        Temple |    309 |    309 |      0 |      0 |    268 |   1 |  309.0 |
               +--------+--------+--------+--------+--------+-----+--------+

Top non-repeatable levels by time:
     D:3: 1665 daAuts
     D:4: 1094 daAuts
     D:2: 1058 daAuts
     D:1: 901 daAuts
     D:5: 730 daAuts
  Temple: 309 daAuts
